Map: Orbital Shipyard

Players

Nôva

  • Race: Zerg Zerg
  • League: Master

BowmanSX - Winner!

  • Race: Protoss Protoss
  • League: Master

VOD

Have the link to the VOD?

Description

Macro Rush

Time

  • Played on: Jan. 4, 2016, 7:16 p.m.
  • Length: 16:16
Show
View Real Time Build Order
Export as new Build Order

Nôva Zerg 

Build Orders: 3 Hatch before Pool 

Get SALT Encoding   

  12  0:01  Drone  
  13  0:12  Overlord  
  13  0:17  Drone  
  14  0:30  Drone x2  
  14  0:34  Drone  
  17  0:53  Hatchery  
  17  0:55  Drone  
  17  1:02  Drone  
  18  1:19  Hatchery  
  17  1:32  Spawning Pool  
  16  1:34  Drone  
  16  1:37  Drone  
  18  1:41  Drone  
  19  1:49  Overlord  
  19  2:01  Drone  
  19  2:07  Drone  
  21  2:09  Drone  
  22  2:18  Drone  
  22  2:19  Drone, Queen  
  22  2:22  Queen  
  28  2:30  Zergling x4  
  28  2:33  Drone  
  31  2:37  Drone  
  31  2:42  Zergling x2  
  33  2:48  Drone, Zergling x2  
  35  2:53  Extractor  
  35  2:58  Drone x2  
  36  3:01  Queen  
  36  3:02  Drone x2  
  36  3:03  Queen  
  42  3:08  Overlord  
  42  3:20  Extractor  
  42  3:21  Overlord, Extractor  
  42  3:22  Drone  
  42  3:23  Drone  
  42  3:27  Drone x3  
  42  3:31  Drone x2  
  42  3:32  Drone x2  
  42  3:33  Drone  
  49  3:46  Drone x6  
  55  3:53  Spore Crawler  
  55  3:54  Spore Crawler  
  53  3:56  Spore Crawler  
  53  4:01  Lair  
  52  4:10  Metabolic Boost  
  52  4:11  Drone x3  
  55  4:20  Drone x2  
  55  4:21  Drone  
  57  4:27  Zergling x2  
  58  4:32  Overlord  
  58  4:33  Overlord  
  58  4:34  Overlord  
  56  4:50  Drone x2, Overlord x2, Extractor  
  56  4:51  Overlord  
  56  4:52  Drone x6  
  63  4:53  Drone x3  
  66  5:02  Spire  
  66  5:06  Extractor  
  64  5:08  Zergling x6  
  64  5:09  Zergling x2, Extractor  
  64  5:10  Drone, Spine Crawler  
  67  5:18  Drone x2  
  67  5:20  Drone  
  70  5:22  Drone  
  70  5:25  Drone x3  
  70  5:26  Drone x3  
  77  5:51  Drone x2  
  77  5:52  Evolution Chamber x2, Overlord  
  77  5:54  Zergling x10  
  77  5:55  Overlord x2  
  82  6:00  Hatchery, Zergling x4  
  82  6:01  Zergling x4  
  85  6:14  Spine Crawler  
  85  6:15  Mutalisk x5  
  85  6:16  Mutalisk  
  96  6:20  Zerg Flyer Weapons Level 1  
  96  6:28  Mutalisk x3  
  96  6:29  Mutalisk  
  96  6:31  Mutalisk  
  106  6:33  Mutalisk  
  106  6:35  Drone  
  106  6:36  Drone  
  110  6:40  Zerg Melee Weapons Level 1  
  110  6:41  Zerg Ground Armor Level 1  
  110  6:45  Zergling x4  
  100  7:02  Zergling x12  
  100  7:03  Zergling x16  
  92  7:17  Mutalisk x6  
  95  7:32  Zergling x8  
  95  7:33  Mutalisk x2  
  98  7:41  Zergling x12  
  98  7:51  Mutalisk x3  
  98  7:53  Zergling x4  
  105  8:00  Zergling x6  
  99  8:06  Zergling x12  
  99  8:07  Zergling x6  
  99  8:11  Mutalisk  
  102  8:15  Mutalisk x3  
  90  8:36  Mutalisk x3  
  90  8:38  Zergling x14  
  90  8:39  Queen, Zergling x6  
  92  8:50  Zergling x12  
  92  8:55  Mutalisk x2  
  95  8:57  Queen  
  95  9:15  Drone x2  
  95  9:16  Drone  
  97  9:20  Mutalisk  
  97  9:21  Mutalisk x2  
  98  9:30  Zergling x10  
  99  9:32  Zergling x16  
  99  9:34  Zerg Melee Weapons Level 2  
  107  9:42  Drone x6  
  113  9:47  Drone  
  113  9:48  Drone x4  
  113  9:51  Zerg Ground Armor Level 2  
  118  10:04  Overlord x2  
  115  10:18  Zergling x24  
  115  10:19  Zergling x2  
  100  10:29  Zergling x2  
  100  10:30  Zergling x10  
  102  10:35  Zergling x2  
  102  10:36  Infestation Pit, Zergling x6  
  105  10:49  Mutalisk x6  
  109  10:51  Mutalisk  
  109  10:55  Drone  
  109  10:56  Zergling x6  
  123  11:01  Corruptor  
  123  11:02  Corruptor  
  127  11:07  Hatchery  
  112  11:20  Zergling x22  
  112  11:21  Zergling x8  
  112  11:25  Hive  
  113  11:40  Zergling x2  
  113  11:41  Zergling x22  
  112  11:52  Mutalisk x4  
  111  12:05  Zergling x2  
  111  12:06  Zergling x10  
  94  12:16  Mutalisk x5  
  99  12:24  Drone x4  
  96  12:37  Adrenal Glands  
  94  12:52  Zerg Melee Weapons Level 3  
  94  12:55  Hatchery  
  93  12:58  Zerg Ground Armor Level 3  
  93  13:09  Zergling x2  
  93  13:10  Zergling x10  
  97  13:25  Overseer  
  94  13:37  Hatchery  
  86  14:02  Mutalisk x4  
  85  14:03  Mutalisk x2  
  97  14:15  Hatchery  
  97  14:23  Hatchery  
  96  14:35  Pathogen Glands  
  96  14:42  Zergling x2  
  96  14:43  Zergling x8  
  96  14:44  Zergling x2  
  102  14:57  Infestor x3  
  102  14:58  Infestor x3  
  114  15:02  Infestor  
  116  15:07  Infestor  
  116  15:12  Infestor  
  76  15:41  Ultralisk Cavern  
  77  15:43  Drone x6  
Show
View Real Time Build Order
Export as new Build Order

BowmanSX Protoss - Winner!

Build Orders: 1 Gate Expand 

Get SALT Encoding   

  12  0:01  Probe (Chrono Boost)  
  13  0:11  Probe (Chrono Boost)  
  14  0:18  Pylon  
  14  0:23  Probe (Chrono Boost)  
  15  0:36  Probe (Chrono Boost)  
  15  0:38  Gateway  
  15  0:41  Assimilator  
  16  0:47  Probe (Chrono Boost)  
  17  0:57  Probe (Chrono Boost)  
  18  1:08  Probe (Chrono Boost)  
  19  1:18  Nexus  
  19  1:20  Probe (Chrono Boost)  
  20  1:30  Cybernetics Core  
  20  1:57  Nexus  
  21  2:04  Pylon  
  20  2:09  Mothership Core (Chrono Boost)  
  20  2:15  Assimilator  
  22  2:16  Warp Gate  
  22  2:23  Adept  
  22  2:27  Probe (Chrono Boost)  
  25  2:30  Probe (Chrono Boost)  
  26  2:38  Probe (Chrono Boost)  
  26  2:41  Probe (Chrono Boost)  
  28  2:48  Probe (Chrono Boost)  
  29  2:52  Probe (Chrono Boost)  
  30  2:59  Probe (Chrono Boost)  
  30  3:02  Sentry, Probe (Chrono Boost)  
  33  3:09  Probe x2 (Chrono Boost)  
  36  3:13  Probe (Chrono Boost)  
  36  3:19  Twilight Council, Probe (Chrono Boost)  
  37  3:20  Probe (Chrono Boost)  
  37  3:23  Probe (Chrono Boost)  
  39  3:30  Probe x2 (Chrono Boost)  
  39  3:34  Probe (Chrono Boost)  
  42  3:40  Probe (Chrono Boost)  
  43  3:42  Robotics Facility  
  43  3:44  Probe (Chrono Boost), Assimilator  
  44  3:48  Forge  
  44  3:50  Probe (Chrono Boost)  
  44  3:51  Probe (Chrono Boost)  
  46  3:56  Probe (Chrono Boost)  
  46  4:02  Blink (Chrono Boost)  
  47  4:06  Probe x2 (Chrono Boost), Pylon  
  47  4:08  Probe (Chrono Boost)  
  50  4:15  Gateway  
  50  4:16  Gateway  
  50  4:21  Probe x2 (Chrono Boost)  
  50  4:22  Probe (Chrono Boost)  
  53  4:31  Probe x2 (Chrono Boost), Pylon  
  54  4:32  Pylon  
  54  4:34  Protoss Ground Weapons Level 1  
  55  4:44  Warp Prism  
  55  4:45  Probe x3 (Chrono Boost)  
  58  4:53  Assimilator  
  58  4:56  Gateway  
  58  4:57  Probe x2 (Chrono Boost)  
  58  4:59  Probe (Chrono Boost)  
  61  5:07  Pylon  
  61  5:09  Probe x2  
  61  5:11  Probe  
  64  5:19  Gateway  
  64  5:20  Gateway  
  64  5:21  Probe x2, Gateway  
  66  5:22  Observer  
  66  5:23  Sentry, Probe  
  66  5:24  Sentry x2  
  74  5:33  Probe x2  
  74  5:35  Probe  
  77  5:38  Assimilator x2  
  77  5:40  Pylon  
  77  5:41  Observer  
  77  5:42  Pylon  
  77  5:45  Probe  
  79  5:51  Stalker x3  
  85  5:59  Stalker  
  85  6:00  Resonating Glaives (Chrono Boost)  
  87  6:04  Immortal  
  87  6:05  Pylon  
  91  6:15  Protoss Ground Weapons Level 2  
  91  6:18  Stalker x4  
  93  6:19  Stalker  
  93  6:21  Stalker  
  93  6:23  Stalker  
  105  6:46  Stalker x4  
  113  6:49  Stalker  
  115  6:58  Stalker x2  
  109  7:11  Stalker x4  
  109  7:13  Probe x3  
  109  7:15  Nexus  
  112  7:16  Pylon  
  110  7:30  Stalker x2  
  110  7:31  Stalker  
  110  7:39  Stalker  
  110  7:40  Stalker x3  
  118  7:46  Pylon  
  118  7:47  Pylon  
  116  7:55  Stargate, Protoss Air Weapons Level 1  
  116  7:56  Stargate  
  112  8:03  Stalker x2  
  112  8:04  Adept  
  112  8:05  Adept  
  118  8:06  Adept  
  114  8:13  Stalker x2  
  116  8:28  Stalker x3  
  116  8:30  Stalker x2  
  114  8:35  Warp Prism  
  114  8:38  Stalker  
  110  8:46  Stalker x2  
  106  8:56  Photon Cannon  
  106  8:57  Photon Cannon  
  106  9:01  Photon Cannon  
  98  9:07  Stalker x2  
  98  9:08  Stalker x3  
  100  9:16  Stalker x2  
  104  9:31  Stalker x5  
  101  9:34  Phoenix x2  
  113  9:39  Stalker x2  
  117  9:53  Assimilator  
  117  9:54  Probe x2  
  117  9:55  Assimilator  
  117  9:59  Phoenix x2 (Chrono Boost)  
  123  10:00  Stalker x3  
  123  10:01  Stalker x2  
  133  10:10  Photon Cannon  
  133  10:12  Photon Cannon  
  130  10:17  Stalker x2  
  124  10:22  Protoss Ground Weapons Level 3  
  124  10:28  Stalker x3  
  119  10:35  Stalker x2  
  123  10:38  Probe x2  
  123  10:40  Charge (Chrono Boost)  
  127  10:51  Zealot x3  
  127  10:54  Adept  
  135  10:59  Dark Shrine  
  135  11:05  Zealot x3, Phoenix  
  142  11:17  Zealot x3  
  143  11:34  Adept x2  
  143  11:35  Adept x2  
  145  11:40  Phoenix x2  
  139  11:53  Zealot  
  131  11:54  Zealot  
  131  11:55  Zealot x4  
  115  12:16  Probe x2  
  115  12:18  Stalker x4  
  115  12:19  Stalker x2  
  115  12:24  Templar Archives, Probe  
  115  12:25  Probe  
  107  12:32  Dark Templar  
  105  12:50  Sentry  
  105  12:51  Stalker x4  
  107  13:00  Dark Templar  
  107  13:05  Dark Templar  
  111  13:14  Dark Templar x5  
  119  13:27  Colossus  
  119  13:28  Colossus  
  119  13:34  High Templar  
  119  13:35  Phoenix x2  
  119  13:38  High Templar  
  127  13:54  Archon  
  127  13:55  High Templar x2  
  131  13:56  Immortal  
  131  13:57  High Templar  
  131  13:58  Adept, High Templar  
  131  14:00  Archon  
  131  14:01  Archon  
  137  14:08  Void Ray (Chrono Boost)  
  137  14:09  Void Ray (Chrono Boost)  
  145  14:17  Dark Templar x2  
  145  14:18  Zealot  
  151  14:25  Stalker x2  
  151  14:29  Pylon  
  151  14:30  Pylon  
  155  14:32  Pylon  
  155  14:37  Archon  
  155  14:39  Archon x2  
  155  14:44  Nexus  
  155  14:47  Void Ray x2 (Chrono Boost), Pylon  
  155  14:49  Pylon  
  155  14:50  Stalker, High Templar x2  
  169  14:54  Warp Prism (Chrono Boost)  
  169  14:57  Archon  
  171  15:09  Zealot x2  
  155  15:38  Stalker x4  
  169  16:07  Stalker  
  169  16:08  Stalker x4  
  169  16:12  Photon Cannon  
  169  16:15  Photon Cannon  
Tags
 
Add a new tag
Caveats
  • Supply blocks, unpowered buildings, or Contaminate may cause inaccurate times.
  • Supply counts are checked every 10 seconds.